 Dungeon Crawl Stone Soup version 0.17-a0-1621-gfc7a675 (webtiles) character file.

51 Oddball22 the Digger (level 3, -2/19 HPs)
             Began as a Gargoyle Earth Elementalist on Aug 2, 2015.
             Was an Initiate of Fedhas.
             Slain by a gnoll
             ... wielding a +0 halberd
              (8 damage)
             ... on level 1 of the Dungeon.
             The game lasted 00:07:07 (2364 turns).

Oddball22 the Digger (Gargoyle Earth Elementalist)  Turns: 2364, Time: 00:07:07

Health: -2/19      AC:  5    Str: 12    XL:     3   Next: 81%
Magic:  1/7        EV: 12    Int: 15    God:    Fedhas [......]
Gold:   39         SH:  0    Dex: 10    Spells: 3 memorised, 1 level left

rFire  . . .     SeeInvis .     e - +0 club
rCold  . . .     Clarity  .     b - +0 robe
rNeg   + . .     SustAt   .     (no shield)
rPois  ∞         Gourm    .     (no helmet)
rElec  +         Spirit   .     (no cloak)
rCorr  .         Warding  .     (no gloves)
rMut   .         Stasis   .     (no boots)
MR     .....                    (no amulet)
Stlth  ++........               (no ring)
                                (no ring)

@: very slightly contaminated, not resistant to hostile enchantments, unstealthy
A: negative energy resistance 1, electricity resistance, unbreathing,
petrification resistance, rot immunity, AC +3
a: Renounce Religion


You were on level 1 of the Dungeon.
You worshipped Fedhas.
Fedhas was noncommittal.
You were very hungry.

You visited 1 branch of the dungeon, and saw 2 of its levels.

You collected 39 gold pieces.

Inventory:

Hand weapons
 e - a +0 club (weapon)
Missiles
 a - 37 stones (quivered)
Armour
 b - a +0 robe (worn)
 l - a +0 ice dragon armour
Scrolls
 g - a scroll of fear {unknown}
 h - 3 scrolls of random uselessness {unknown}
 i - a scroll of enchant armour {unknown}
 j - a scroll of amnesia {unknown}
 k - a scroll of noise {unknown}
Potions
 f - a potion of brilliance {unknown}
Books
 c - a book of Geomancy

   Spells                             Type                      Level
   a - Sandblast                      Earth                        1
   b - Stoneskin                      Transmutation/Earth          2
   c - Passwall                       Transmutation/Earth          3
   d - Stone Arrow                    Conjuration/Earth            3
   e - Petrify                        Transmutation/Earth          4
   f - Lee's Rapid Deconstruction     Earth                        5
Comestibles
 d - 3 bread rations
 m - 2 meat rations


   Skills:
 - Level 1.5 Dodging
 - Level 2.1 Stealth
 + Level 2.6 Spellcasting
 + Level 1.2 Transmutations
 * Level 4.7 Earth Magic


You had one spell level left.
You knew the following spells:

 Your Spells              Type           Power        Failure   Level  Hunger
a - Sandblast             Erth           ###...       3%          1    #......
b - Stoneskin             Trmt/Erth      ##......     12%         2    ##.....
c - Passwall              Trmt/Erth      ##........   21%         3    ###....


Dungeon Overview and Level Annotations

Branches:
Dungeon (2/15)

Altars:
Fedhas
Gozag

Shops:
D:2 *


Innate Abilities, Weirdness & Mutations

You are resistant to torment.
Your stone body is resilient (AC +3).
You are immune to poison.
You resist negative energy.
You are resistant to electric shocks.
You can survive without breathing.
You are immune to petrification.
You are immune to rotting.


Message History

Aim: a gnoll, wielding a halberd and wearing a leather armour The blast of sand hits the gnoll.
The gnoll misses you.
Casting: Sandblast
Confirm with . or Enter, or press ? or * to list all spells.
Aiming: Sandblast
Press: ? - help, Shift-Dir - straight line, f/p - gnoll
Aim: a gnoll, wielding a halberd and wearing a leather armour The blast of sand hits the gnoll.
The gnoll is lightly wounded.
The gnoll barely misses you.
Casting: Sandblast
Confirm with . or Enter, or press ? or * to list all spells.
Aiming: Sandblast
Press: ? - help, Shift-Dir - straight line, f/p - gnoll
Aim: a gnoll, wielding a halberd and wearing a leather armour (lightly wounded)
The blast of sand hits the gnoll.
The gnoll is lightly wounded.
The gnoll hits you with a halberd!
You die...
Fedhas appreciates your contribution to the ecosystem.

.......#.##
#######..# ####
#..# ...# #g.#
#####
##.####..######...#
##.......>........#
#######.[######...#
# #..# ##.##
#######..#######@#
...............g.#
########.#######.#
#.# #.# ########.#
#.# .......#.# ##.#
######.#.## ##..#
#.......# #...#
#.###.#.#####..#


You could see a gnoll.

Vanquished Creatures
  2 gnolls
  A giant gecko (D:1)
  3 bats (D:1)
  A giant cockroach (D:2)
  5 goblins
  7 hobgoblins
  2 kobolds (D:1)
  3 giant newts
  A quokka (D:2)
  3 rats
28 creatures vanquished.

Vanquished Creatures (others)
  A toadstool (D:2)
1 creature vanquished.

Grand Total: 29 creatures vanquished

Notes
Turn   | Place    | Note
--------------------------------------------------------------
     0 | D:1      | Oddball22 the Gargoyle Earth Elementalist began the quest for the Orb.
     0 | D:1      | Reached XP level 1. HP: 10/10 MP: 3/3
   194 | D:1      | Reached skill level 4 in Earth Magic
   218 | D:1      | Reached XP level 2. HP: 12/15 MP: 1/5
   533 | D:1      | Learned a level 2 spell: Stoneskin
   846 | D:2      | Found an opulent altar of Gozag.
   847 | D:2      | Found Gozag's Platinum Reserve.
  1148 | D:2      | Reached XP level 3. HP: 15/19 MP: 4/6
  1325 | D:1      | Reached skill level 1 in Transmutations
  1689 | D:2      | Learned a level 3 spell: Passwall
  1777 | D:2      | Found a blossoming altar of Fedhas.
  1783 | D:2      | Became a worshipper of Fedhas Madash
  2364 | D:1      | Slain by a gnoll

Vault maps used:
D:1:      minmay_arrival_loop
D:2:      fedhas_altar_4, nicolae_gozag_zags_fifth_avenue

Action                   || total
-------------------------++-------
Melee: Club              ||    15
 Cast: Sandblast         ||    68
  Eat: Chunk             ||     4
